 Dungeon Crawl Stone Soup version 0.24.1-4-ge52af88ad5 (webtiles) character file.

Game seed: 15290433959195034631, levelgen mode: deterministic

156 Nixze the Chopper (level 5, -1/47 HPs)
             Began as a Hill Orc Fighter on Apr 20, 2020.
             Slain by a wight
             ... wielding a +3 long sword
              (5 damage)
             ... on level 4 of the Dungeon.
             The game lasted 00:05:29 (1809 turns).

Nixze the Chopper (Hill Orc Fighter)                Turns: 1809, Time: 00:05:30

Health: -1/47      AC:  7    Str: 20    XL:     5   Next: 38%
Magic:  5/5        EV:  7    Int:  8    God:
Gold:   118        SH:  9    Dex: 10    Spells: 4/4 levels left

rFire    . . .     SeeInvis .   a - +0 war axe
rCold    + . .     Gourm    .   c - +0 shield
rNeg     . . .     Faith    .   b - +0 scale mail
rPois    .         Spirit   .   l - +0 helmet
rElec    .         Reflect  .   (no cloak)
rCorr    .         Harm     .   (no gloves)
MR       .....                  (no boots)
Stlth    ..........             u - amulet of magic regeneration
HPRegen  0.15/turn              s - ring of protection from cold
MPRegen  0.34/turn              (no ring)

@: heavily drained
A: no striking features
a: no special abilities


You were on level 4 of the Dungeon.
You were not hungry.

You visited 1 branch of the dungeon, and saw 4 of its levels.

You collected 118 gold pieces.

Inventory:

Hand Weapons
 a - a +0 war axe (weapon)
 e - a +0 antimagic short sword
Missiles
 k - 3 boomerangs (quivered)
Armour
 b - a +0 scale mail (worn)
 c - a +0 shield (worn)
 l - a +0 helmet (worn)
Jewellery
 s - a ring of protection from cold (left hand)
 u - an amulet of magic regeneration (around neck)
 v - an uncursed ring of protection from magic
Scrolls
 h - 4 scrolls of remove curse {unknown}
 j - 3 scrolls of blinking {unknown}
 m - 5 scrolls of identify {unknown}
 o - a scroll of random uselessness {unknown}
 t - a scroll of enchant weapon {unknown}
Potions
 d - a potion of might
 g - a potion of curing {unknown}
 i - 3 potions of haste {unknown}
 n - a potion of invisibility {unknown}
 p - a potion of brilliance {unknown}
 r - 2 potions of heal wounds {unknown}
Comestibles
 f - 3 rations
 q - 3 chunks of flesh


   Skills:
 + Level 4.7(3.5) Fighting
 * Level 5.4(4.2) Axes
 - Level 3.2(2.1) Armour
 + Level 4.2(3.0) Shields


You had 4 spell levels left.
You didn't know any spells.
Your spell library was empty.

Dungeon Overview and Level Annotations

Branches:
Dungeon (4/15)
 Temple: D:4-7

Altars:
Ru
Wu Jian

Annotations:
D:3 Grinder


Message History

You closely miss the wight.
The wight is moderately damaged.
You slash the phantom! You block the phantom's attack.
The wight hits you but does no damage. The phantom hits you.
The phantom blinks!
You closely miss the wight.
The wight is moderately damaged.
The wight hits you with a +3 long sword!
* * * LOW HITPOINT WARNING * * *
The phantom blinks!
The wight hits you but does no damage.
You closely miss the wight.
The wight is moderately damaged.
The wight hits you with a +3 long sword.
* * * LOW HITPOINT WARNING * * *
You feel drained.
* * * LOW HITPOINT WARNING * * *
You hit the wight but do no damage.
The wight is moderately damaged.
The wight hits you with a +3 long sword.
You die...

#..##+####...........
.........'...........
.........#...........
#.####'##..........
#####...##......###+####
#......W.#......#>...'..
#........#......+....#..
#..####z##......#...##.. .###
#..@)#...W..#...##..
......#....#......#......>
#......#....#......'.......
#......######......#+####..
#.......................#..
#..............)........#.. ###
#.......................#..
...####.......................#..
.........#####'####...........#..


You could see a phantom and a wight.

Vanquished Creatures
  A wight (D:4)
  A hound (D:4)
  2 adders
  3 worms
  4 dart slugs
  2 leopard geckos
  3 orcs (D:3)
  A giant cockroach (D:2)
  4 goblins
  2 hobgoblins
  3 jackals (D:2)
  A quokka (D:4)
  11 bats
  3 frilled lizards
  6 kobolds
  7 rats
54 creatures vanquished.

Notes
Turn   | Place    | Note
-------+----------+-------------------------------------------
     0 | D:1      | Nixze the Hill Orc Fighter began the quest for the Orb.
     0 | D:1      | Reached XP level 1. HP: 19/19 MP: 1/1
    34 | D:1      | Reached skill level 3 in Axes
   184 | D:1      | Reached XP level 2. HP: 27/27 MP: 2/2
   650 | D:2      | Reached XP level 3. HP: 33/33 MP: 3/3
   764 | D:2      | Reached skill level 4 in Axes
  1256 | D:2      | Reached XP level 4. HP: 40/40 MP: 4/4
  1365 | D:2      | Found a sacrificial altar of Ru.
  1479 | D:3      | Found an ornate altar of the Wu Jian Council.
  1502 | D:3      | Noticed Grinder
  1591 | D:4      | Reached skill level 5 in Axes
  1692 | D:4      | Reached XP level 5. HP: 46/47 MP: 5/5
  1718 | D:4      | Noticed a phantom
  1809 | D:4      | Slain by a wight

Levels and vault maps discovered:
D:1:      nzn_arrival_crosshair, layout_rooms
D:2:      layout_basic, nicolae_ru_path_of_blood
D:3:      layout_loops_corners, overflow_temple_1_default, minitemple,
          uniq_grinder, uniq_terence
D:4:      layout_gridville, nrook_mini_backslash

Skill      XL: |  1  2  3  4 |
---------------+-------------+-----
Axes           | 3 4 5 |  5.4
Fighting       | 4 |  4.7
Shields        | 4 |  4.2
Armour         | |  3.2

Action                   |  1- 3 |  4- 6 || total
-------------------------+-------+-------++-------
Melee: War axe           |   116 |    46 ||   162
  Eat: Chunk             |     1 |     2 ||     3
Armor: Scale mail        |    63 |    24 ||    87
Dodge: Dodged            |    36 |    12 ||    48
Block: Shield            |    70 |    24 ||    94
